Map: Kairos Junction LE

Players

liquidthermy (uThermal) - Winner!

  • Race: Terran Terran
  • Spawn Location: 11:00

RlSky (RiSky)

  • Race: Zerg Zerg
  • League: Master
  • Spawn Location: 5:00

Event: HomeStory Cup XIX

VOD

Have the link to the VOD?

Description

Time

  • Played on: June 27, 2019, 5:10 p.m.
  • Length: 8:31

All games in this series

Show
View Real Time Build Order
Export as new Build Order

liquidthermy Terran - Winner!

Build Orders: Gas First Reaper Expand, Hellion Banshee 

Get SALT Encoding   

  12  0:01  SCV  
  13  0:13  SCV  
  14  0:17  Supply Depot  
  14  0:25  SCV  
  15  0:28  Refinery  
  15  0:38  SCV  
  16  0:44  Barracks  
  16  0:50  SCV  
  17  1:02  SCV  
  18  1:15  SCV  
  19  1:31  Orbital Command, Reaper  
  20  1:42  Command Center  
  20  1:52  Factory  
  20  1:57  SCV  
  21  2:05  Barracks Reactor  
  21  2:09  SCV  
  21  2:12  Supply Depot  
  22  2:21  SCV  
  23  2:23  Refinery  
  23  2:34  SCV  
  24  2:43  Starport  
  24  2:46  SCV  
  24  2:48  Hellion x2  
  29  2:52  Barracks Tech Lab  
  29  2:56  Orbital Command  
  29  2:58  SCV  
  30  3:09  Hellion  
  30  3:10  SCV, Hellion  
  35  3:22  SCV  
  35  3:23  Marine  
  35  3:25  Cloaking Field  
  35  3:26  Supply Depot  
  38  3:31  Banshee  
  40  3:34  Hellion  
  40  3:37  Hellion  
  40  3:40  SCV  
  45  3:46  SCV  
  46  3:52  Supply Depot  
  46  3:56  Hellion  
  46  3:57  SCV  
  46  3:58  Hellion  
  46  4:02  SCV  
  52  4:16  Command Center  
  52  4:18  SCV x2  
  52  4:22  Banshee  
  55  4:27  Hellion  
  55  4:29  Hellion  
  59  4:31  SCV  
  59  4:35  SCV  
  59  4:37  Supply Depot  
  59  4:43  SCV  
  60  4:47  SCV  
  61  4:56  SCV  
  61  4:59  Hellion x2  
  67  5:00  SCV  
  61  5:08  SCV  
  61  5:12  SCV  
  56  5:15  Barracks Tech Lab  
  56  5:17  Banshee, Factory x2  
  56  5:20  SCV, Hellion x2  
  60  5:24  SCV  
  60  5:28  Orbital Command  
  61  5:32  SCV  
  61  5:33  Refinery  
  61  5:34  Refinery  
  61  5:40  Hyperflight Rotors, SCV  
  61  5:42  Hellion  
  64  5:43  Barracks Tech Lab  
  64  5:44  SCV  
  64  5:45  Hellion  
  67  5:52  SCV  
  67  5:56  SCV  
  69  5:57  Orbital Command  
  69  6:03  Hellion  
  71  6:04  Banshee  
  71  6:05  SCV  
  71  6:09  Cyclone, Mag-Field Accelerator  
  78  6:12  Supply Depot  
  78  6:14  Engineering Bay  
  78  6:18  Cyclone  
  78  6:21  SCV  
  78  6:24  SCV, Hellion  
  85  6:31  Supply Depot x2, Infernal Pre-Igniter  
  85  6:33  SCV x2  
  85  6:34  Hellion  
  85  6:37  SCV  
  90  6:45  SCV  
  90  6:47  SCV  
  92  6:50  Supply Depot x2  
  92  6:51  Refinery  
  92  6:52  Refinery, Cyclone  
  92  6:53  Banshee  
  98  6:57  SCV  
  98  6:58  Cyclone  
  102  7:03  Hellion  
  102  7:04  Hellion  
  106  7:10  SCV x2  
  106  7:11  SCV, Supply Depot  
  109  7:18  Supply Depot  
  109  7:19  Supply Depot  
  109  7:22  SCV  
  110  7:23  Armory  
  110  7:26  Cyclone  
  110  7:27  Hellion  
  110  7:29  Hellion  
  117  7:37  Cyclone  
  117  7:39  Banshee  
  117  7:40  SCV  
  124  7:45  SCV x2  
  124  7:46  Factory  
  124  7:47  Factory  
  124  7:50  Hellion  
  128  7:52  SCV, Hellion  
  128  7:57  SCV  
  128  7:58  SCV  
  132  8:05  Hellion  
  127  8:13  SCV  
  130  8:23  Command Center  
Show
View Real Time Build Order
Export as new Build Order

RlSky Zerg 

Build Orders: Hatch First 

Get SALT Encoding   

  12  0:00  Drone  
  13  0:12  Overlord  
  13  0:16  Drone  
  14  0:30  Drone x2  
  16  0:47  Hatchery  
  15  0:50  Drone  
  15  0:54  Drone  
  17  0:57  Drone  
  18  1:09  Extractor  
  17  1:13  Spawning Pool  
  17  1:16  Drone  
  17  1:19  Drone  
  18  1:27  Drone  
  19  1:38  Drone  
  20  1:48  Overlord  
  20  1:59  Queen x2  
  20  2:00  Zergling x4  
  26  2:10  Drone  
  26  2:11  Drone  
  26  2:12  Metabolic Boost  
  28  2:21  Drone  
  28  2:22  Drone  
  30  2:34  Hatchery  
  28  2:38  Drone  
  28  2:43  Queen  
  31  2:51  Overlord  
  31  2:52  Drone  
  31  2:56  Drone  
  33  2:59  Drone  
  33  3:00  Drone  
  33  3:03  Drone  
  36  3:10  Drone x3  
  36  3:11  Drone x2  
  41  3:15  Drone  
  41  3:18  Overlord  
  42  3:20  Drone  
  43  3:36  Queen x2  
  43  3:39  Drone  
  43  3:40  Zergling x4  
  50  3:43  Drone  
  50  3:46  Drone  
  52  3:49  Drone  
  52  3:51  Drone  
  53  3:55  Drone  
  53  3:56  Overlord  
  53  3:57  Queen  
  53  3:59  Overlord  
  53  4:02  Drone  
  57  4:08  Overlord  
  57  4:17  Queen  
  57  4:18  Overlord  
  57  4:23  Drone x2, Lair  
  61  4:24  Drone  
  61  4:26  Drone x2  
  61  4:27  Baneling Nest  
  61  4:31  Zergling x6  
  65  4:34  Queen  
  65  4:36  Spore Crawler  
  67  4:38  Spore Crawler  
  67  4:42  Drone, Spore Crawler  
  67  4:45  Zergling x4  
  68  4:47  Zergling x2  
  68  4:48  Zergling x2  
  70  4:53  Zergling x8  
  70  4:57  Zergling x6  
  74  5:03  Zergling x2  
  74  5:06  Overlord  
  71  5:12  Drone x5  
  71  5:16  Drone  
  71  5:18  Drone, Queen  
  74  5:23  Overseer  
  74  5:28  Drone  
  74  5:29  Drone x2  
  74  5:31  Extractor  
  74  5:32  Extractor  
  75  5:36  Drone  
  75  5:37  Centrifical Hooks  
  75  5:38  Drone  
  75  5:39  Evolution Chamber  
  75  5:41  Drone, Evolution Chamber  
  76  5:44  Drone  
  76  5:45  Drone x2  
  76  5:47  Drone  
  76  5:49  Drone x3  
  82  5:51  Drone x2, Hatchery  
  83  5:58  Drone, Overlord  
  83  6:01  Extractor  
  83  6:02  Drone x2, Extractor  
  83  6:03  Extractor  
  83  6:06  Overlord  
  83  6:07  Drone x2  
  83  6:09  Overlord  
  85  6:15  Hatchery  
  85  6:17  Drone  
  86  6:19  Overlord  
  86  6:20  Drone x2  
  86  6:23  Drone x2, Zerg Melee Weapons Level 1  
  89  6:27  Drone x3  
  89  6:28  Drone  
  89  6:32  Zergling x6  
  96  6:37  Zergling x4  
  98  6:40  Overlord  
  98  6:46  Zergling x2, Hatchery, Spire  
  98  6:47  Zergling x6  
  100  6:52  Zergling x4  
  102  6:56  Zergling x8  
  106  7:01  Zergling x10  
  112  7:08  Drone  
  112  7:12  Drone  
  112  7:13  Drone  
  112  7:15  Drone  
  115  7:18  Drone x2  
  115  7:20  Drone  
  117  7:22  Drone  
  117  7:25  Drone x2  
  117  7:26  Extractor x2  
  117  7:27  Drone x2  
  119  7:30  Drone x2  
  119  7:34  Drone  
  119  7:35  Overlord  
  122  7:41  Drone x2  
  124  7:47  Overlord x4  
  124  7:53  Baneling x5  
  124  7:54  Overlord  
  123  8:00  Zergling x18  
  123  8:01  Zergling x2  
  123  8:02  Baneling x3  
  123  8:07  Zergling x2  
  123  8:09  Zergling x4  
  104  8:12  Overseer  
  104  8:14  Zergling x16  
Tags
 
Add a new tag
Caveats
  • Supply blocks, unpowered buildings, or Contaminate may cause inaccurate times.
  • Supply counts are checked every 10 seconds.